AoeStats
← ☣Mardo☣

Nomad

509890758Analyzed
2v2 RM · 3d ago on Sep 28, 2026· 51m 5s· 4 players
Game mode
Random Map
Map size
176×176
Population
200
Speed
Normal
Resources
Standard
Victory
Conquest
Starting age
Dark Age
Ending age
Imperial Age
RankedLock teamsTeams togetherTeam positionsShared explorationLock speedFull tech treeHidden civsTurbo modeCheats
Victory
Defeat
🇨🇴 Vikings · Colombia
1087
+13
🇺🇸 Portuguese · United States
1025
+15
🇸🇰 Italians · Slovakia
1023
-14
🇨🇿 Khitans · Czechia
1022
-14
☣Mardo☣
5:05 Loom
14:14 Feudal Age
21:37 Castle Age
22:20 Fletching
23:19 Medium Warships
25:41 Double-Bit Axe
26:24 Crossbowman
28:37 Thumb Ring
30:55 Horse Collar
33:09 Bodkin Arrow
37:43 Imperial Age
37:07 Scale Mail Armor
37:18 Forging
37:46 Arson
38:02 Squires
38:32 Chain Mail Armor
38:47 Conscription
ElaRyer
4:12 Loom
13:30 Feudal Age
14:00 Double-Bit Axe
23:51 Castle Age
26:50 Wheelbarrow
27:42 Husbandry
29:22 Fletching
32:26 Gold Mining
32:28 Stone Mining
32:52 Bow Saw
33:08 Bodkin Arrow
37:29 Imperial Age
35:23 Domestication
37:38 Heavy Cavalry Archer
39:08 Ballistics
38:41 Town Watch
40:29 Bracer
41:05 Parthian Tactics
43:53 Chemistry
43:11 Thumb Ring
Shrek
5:12 Loom
15:06 Feudal Age
15:31 Double-Bit Axe
22:24 Castle Age
23:58 Stone Mining
28:24 Stone Shaft Mining
28:02 Bow Saw
35:58 Pikeman
36:01 Elite Skirmisher
43:20 Imperial Age
41:02 Fletching
45:56 Halberdier
48:19 Elite Organ Gun
hitman47
5:28 Loom
13:48 Feudal Age
18:46 Castle Age
17:20 Horse Collar
19:26 Double-Bit Axe
22:54 Bow Saw
22:52 Town Watch
25:07 Gold Mining
28:27 Town Patrol
29:09 Gold Shaft Mining
31:03 Stone Mining
34:13 Imperial Age
31:54 Elite Skirmisher
33:44 Ballistics
34:43 Fletching
35:24 Cavalier
36:57 Bodkin Arrow
39:24 Conscription
41:44 Chieftains
43:28 Murder Holes
44:34 Chemistry
44:18 Squires
45:05 Heavy Plow
46:58 Two-Man Saw
45:42 Man-at-Arms
46:42 Scale Mail Armor
46:42 Padded Archer Armor
48:02 Forging
49:24 Crop Rotation
51:29 Iron Casting
50:54 Bracer
Connection lost

Rejoining the realm…

Still unreachable

The connection could not be restored.

Session expired

The server has moved on; the page needs a fresh start.